 Dungeon Crawl Stone Soup version 0.26.0-20-g3ca415f5b8 (webtiles) character file.

Game seed: 6858539594003404803

0 EnegeticOcto the Sneak (level 1, 0/18 HPs)
             Began as a Demigod Delver on Jan 24, 2021.
             Slain by an adder (2 damage)
             ... on level 4 of the Dungeon.
             The game lasted 00:01:17 (173 turns).

EnegeticOcto the Sneak (Demigod Delver)              Turns: 173, Time: 00:01:18

Health: 0/18       AC:  3    Str: 15    XL:     1   Next: 6%
Magic:  0/3        EV: 12    Int: 14    God:
Gold:   0          SH:  0    Dex: 17    Spells: 0/0 levels left

rFire    . . .     SeeInvis .   a - +0 mace
rCold    . . .     Faith    .   (no shield)
rNeg     . . .     Spirit   +   b - +0 leather armour
rPois    .         Reflect  .   (no helmet)
rElec    .         Harm     .   (no cloak)
rCorr    .         Rampage  .   (no gloves)
Will     .....                  (no boots)
Stlth    +++.......             h - amulet of guardian spirit
HPRegen  0.06/turn              (no ring)
MPRegen  0.08/turn              (no ring)

@: lethally poisoned (0 -> -4)
A: high mp 1
a: no special abilities


You were on level 4 of the Dungeon.
You visited 1 branch of the dungeon, and saw 2 of its levels.

Inventory:

Hand Weapons
 a - a +0 mace (weapon)
Armour
 b - a +0 leather armour (worn)
Jewellery
 h - an amulet of guardian spirit (around neck)
   (You found it on level 4 of the Dungeon)
Wands
 g - a wand of digging (3) {@v3}
Scrolls
 c - a scroll of fog {!r}
 d - a scroll of magic mapping {@r5 !r}
 e - a scroll of fear {!r}
 i - a scroll of remove curse {unknown}
 j - a scroll of immolation {unknown}
 k - a scroll of teleportation {@r3 !r}
Potions
 f - a potion of haste {@q4 !q}


   Skills:
 + Level 2.7 Fighting
 * Level 1.8 Maces & Flails
 - Level 1.7 Dodging
 - Level 4.5 Stealth


You couldn't memorise any spells.
You didn't know any spells.
Your spell library was empty.

Dungeon Overview and Level Annotations

Branches:
Dungeon (5/15)
 Temple: D:4-7

Annotations:
D:4 Menkaure


Innate Abilities, Weirdness & Mutations

You have an increased reservoir of magic. (+10% MP)


Message History

Welcome, EnegeticOcto the Demigod Delver.
Will you prevail where others failed? Will you find the Orb of Zot?
Press ? for a list of commands and other information.
Found a stone staircase leading down.
You open the door.
There is an open door here.
As you open the door, it creaks loudly!
There is an open door here.
You open the door.
Found a stone staircase leading up.
There is an open door here.
A scorpion comes into view.
There is a stone staircase leading up here.
You climb upwards.
Found a dented lapis lazuli amulet and a scroll labelled LOUBEP KUAQO.
There is a stone staircase leading down here.
h - a dented lapis lazuli amulet You start putting on your amulet.
You continue putting on your dented lapis lazuli amulet. x5
You finish putting on your uncursed amulet of guardian spirit.
You feel your power drawn to a protective spirit.
h - an amulet of guardian spirit (around neck)
i - a scroll labelled LOUBEP KUAQO
Found a scroll labelled OMEUN PIWEYQ.
j - a scroll labelled OMEUN PIWEYQ You open the door.
Found a stormy altar of Qazlal.
A centaur zombie comes into view.
There is an open door here.
You close the door.
Found a scroll labelled CYUJIP QYAH WIG.
k - a scroll labelled CYUJIP QYAH WIG
Found a scroll labelled CYUJIP QYAH WIG.
A jackal skeleton comes into view.
The jackal skeleton bites you but does no damage.
You thump the jackal skeleton!
You destroy the jackal skeleton!
No target in view!
No target in view!
No target in view!
No target in view!
No target in view!
No target in view!
No target in view!
k - 2 scrolls labelled CYUJIP QYAH WIG (gained 1) Menkaure, Prince of Dust comes into view.
Menkaure calls on the powers of darkness!
Your body is wracked with pain!
As you read the scroll labelled CYUJIP QYAH WIG, it crumbles to dust.
You feel strangely unstable.
It was a scroll of teleportation.
Your surroundings suddenly seem different.
Found a spear.
An adder comes into view.
The adder hisses angrily.
You closely miss the adder. The adder bites you. The adder barely misses you.
You closely miss the adder. The adder closely misses you.
The adder barely misses you.
You miss the adder. The adder bites you.
You barely miss the adder. The adder bites you.
* * * LOW HITPOINT WARNING * * *
You are poisoned.
The adder poisons you! The adder bites you.
Okay, then.
Okay, then.
* * * LOW HITPOINT WARNING * * *
You feel sick. The adder bites you.
* * * LOW HITPOINT WARNING * * *
The adder bites you.
You die...

## .)
#.######
#......#
#S..#
#@..#
##+##


You could see an adder.

Vanquished Creatures
  A jackal skeleton (D:4)
1 creature vanquished.

Notes
Turn   | Place    | Note
-------+----------+-------------------------------------------
     0 | D:5      | EnegeticOcto the Demigod Delver began the quest for the
                  | Orb.
     0 | D:5      | Reached XP level 1. HP: 18/18 MP: 3/3
    70 | D:5      | Noticed a scorpion
   109 | D:4      | Found a stormy altar of Qazlal.
   161 | D:4      | Noticed Menkaure
   173 | D:4      | Slain by an adder

Illustrated notes

Levels and vault maps discovered:
D:4:      layout_basic, kennysheep_mini, kennysheep_little_box, temple_pool_b,
          uniq_menkaure, uniq_pikel
D:5:      layout_basic, chequers_temple_overflow_statue_of_worship, uniq_duvessa

Action                   || total
-------------------------++-------
Melee: Mace              ||     5
  Use: Scroll            ||     1
Armor: Leather armour    ||     1
Dodge: Dodged            ||     3
